PL
NORTHERN VIRGINIA RAINBOW MERMAIDS @ VANCOUVER GREY WOLVES
05/31/2034
 
TOP OF THE 1ST
Northern Virginia Rainbow Mermaids batting - Pitching for Vancouver Grey Wolves : RHP Ray Skipworth
Pitching: RHP Ray Skipworth
Batting: RHB Juan Jose Ayala 0-0: Ball
1-0: Foul Ball, location: 2F
1-1: Ball
2-1: Foul Ball, location: 2F
2-2: Ground out 4-3 (Groundball, 34)
Batting: LHB Scott Kerin 0-0: Foul Ball, location: 2F
0-1: Ball
1-1: Ball
2-1: SOLO HOME RUN (Flyball, 7LD), Distance : 320 ft
Batting: SHB Eustacio Tafalla 0-0: Ball
1-0: Swinging Strike
1-1: Ball
2-1: Swinging Strike
2-2: SINGLE (Line Drive, 34)
Pitching: RHP Francisco Valdés
Batting: RHB Zahid Kashani 0-0: Called Strike
0-1: Ball
1-1: Ball
2-1: Foul Ball, location: 2F
2-2: Grounds into double play, 6-4-3 (Groundball, 6)
Top of the 1st over - 1 run, 2 hits, 0 errors, 0 left on base; Northern Virginia 1 - Vancouver 0
BOTTOM OF THE 1ST
Vancouver Grey Wolves batting - Pitching for Northern Virginia Rainbow Mermaids : RHP Mimosa Joseph
Pitching: RHP Mimosa Joseph
Batting: RHB Urs van Munster 0-0: Ball
1-0: Ball
2-0: Foul Ball, location: 2F
2-1: Foul Ball, location: 2F
2-2: Fly out, F9 (Flyball, 9)
Batting: LHB Preston Witt 0-0: Ball
1-0: Called Strike
1-1: Ground out 4-3 (Groundball, 4)
Batting: LHB Michael Malloy 0-0: Ball
1-0: Fly out, F8 (Flyball, 8LD)
Bottom of the 1st over - 0 runs, 0 hits, 0 errors, 0 left on base; Northern Virginia 1 - Vancouver 0
TOP OF THE 2ND
Northern Virginia Rainbow Mermaids batting - Pitching for Vancouver Grey Wolves : RHP Francisco Valdés
Batting: SHB Melito Báez 0-0: Ball
1-0: Called Strike
1-1: Ball
2-1: Ball
3-1: SINGLE (Flyball, 34D)
Batting: LHB Ty Tomblin 0-0: Ball
1-0: Ball
2-0: Called Strike
2-1: Swinging Strike
2-2: Ball
3-2: Strikes out looking
Batting: SHB Galtero Suárez 0-0: Fly out, F8 (Flyball, 8LM)
Batting: LHB Shelby Noonan 0-0: Ball
1-0: Called Strike
1-1: Foul Ball, location: 2F
1-2: Strikes out swinging
Top of the 2nd over - 0 runs, 1 hit, 0 errors, 1 left on base; Northern Virginia 1 - Vancouver 0
BOTTOM OF THE 2ND
Vancouver Grey Wolves batting - Pitching for Northern Virginia Rainbow Mermaids : RHP Mimosa Joseph
Batting: RHB Hugh Mungus 0-0: Ball
1-0: Fly out, F8 (Flyball, 8RM)
Batting: RHB Iván Vega 0-0: Foul Ball, location: 2F
0-1: Ball
1-1: Called Strike
1-2: Ball
2-2: Foul Ball, location: 2F
2-2: Ball
3-2: Foul Ball, location: 2F
3-2: Foul Ball, location: 2F
3-2: Strikes out swinging
Batting: LHB Johan Kroening 0-0: Called Strike
0-1: Foul Ball, location: 2F
0-2: Ball
1-2: Strikes out swinging
Bottom of the 2nd over - 0 runs, 0 hits, 0 errors, 0 left on base; Northern Virginia 1 - Vancouver 0
TOP OF THE 3RD
Northern Virginia Rainbow Mermaids batting - Pitching for Vancouver Grey Wolves : RHP Francisco Valdés
Batting: LHB José Ruíz 0-0: Ball
1-0: Fly out, F7 (Flyball, 7LD)
Batting: RHB Juan Jose Ayala 0-0: Ball
1-0: DOUBLE (Flyball, 78D)
Batting: LHB Scott Kerin 0-0: Ball
1-0: Called Strike
1-1: Ball
2-1: Ball
3-1: Called Strike
3-2: Ground out 3-1 (Groundball, 34)
Juan Jose Ayala to third
Batting: SHB Eustacio Tafalla 0-0: Ball
1-0: Called Strike
1-1: Ball
2-1: Ball
3-1: Fly out, F6 (Line Drive, 6M)
Top of the 3rd over - 0 runs, 1 hit, 0 errors, 1 left on base; Northern Virginia 1 - Vancouver 0
BOTTOM OF THE 3RD
Vancouver Grey Wolves batting - Pitching for Northern Virginia Rainbow Mermaids : RHP Mimosa Joseph
Batting: RHB Joe Phillips 0-0: Fly out, F6 (Line Drive, 6M)
Now at SS: Colt Cabana
Batting: LHB Gerardo Ponce de Leon 0-0: Ball
1-0: Ball
2-0: Called Strike
2-1: Foul Ball, location: 2F
2-2: TRIPLE (Flyball, 89XD)
Batting: RHB Dhyana Snigdha 0-0: Called Strike
0-1: Foul Ball, location: 2F
0-2: Ball
1-2: Ball
2-2: Fly out, F3 (Popup, 23F)
Batting: RHB Urs van Munster 0-0: Ball
1-0: Foul Ball, location: 2F
1-1: Swinging Strike
1-2: SINGLE (Line Drive, 6MD)
Gerardo Ponce de Leon scores
Batting: LHB Preston Witt 0-0: Foul Ball, location: 2F
0-1: Fielders Choice at 2nd, 5-4 (Groundball, 56)
Bottom of the 3rd over - 1 run, 2 hits, 0 errors, 1 left on base; Northern Virginia 1 - Vancouver 1
TOP OF THE 4TH
Northern Virginia Rainbow Mermaids batting - Pitching for Vancouver Grey Wolves : RHP Francisco Valdés
Batting: RHB Zahid Kashani 0-0: Ball
1-0: Fly out, F9 (Flyball, 9LS)
Batting: SHB Melito Báez 0-0: Ball
1-0: Ball
2-0: Ball
3-0: Fly out, F4 (Popup, 4MD)
Batting: LHB Ty Tomblin 0-0: Ball
1-0: Called Strike
1-1: Ball
2-1: Ground out 6-3 (Groundball, 6S)
Top of the 4th over - 0 runs, 0 hits, 0 errors, 0 left on base; Northern Virginia 1 - Vancouver 1
BOTTOM OF THE 4TH
Vancouver Grey Wolves batting - Pitching for Northern Virginia Rainbow Mermaids : RHP Mimosa Joseph
Batting: LHB Michael Malloy 0-0: Called Strike
0-1: Ball
1-1: Swinging Strike
1-2: SINGLE (Groundball, 4MD)
Batting: RHB Hugh Mungus 0-0: Ball
1-0: SINGLE (Line Drive, 6D)
Michael Malloy to second
Batting: RHB Iván Vega 0-0: Ball
1-0: Fly out, F7 (Flyball, 7LM)
Batting: LHB Johan Kroening 0-0: Ball
1-0: Ball
2-0: Foul Ball, location: 2F
2-1: SINGLE (Groundball, 4) (infield hit)
Michael Malloy to third
Hugh Mungus to second
Batting: RHB Joe Phillips 0-0: GRAND SLAM HOME RUN (Flyball, 89XD), Distance : 373 ft
Batting: LHB Gerardo Ponce de Leon 0-0: Fly out, F7 (Flyball, 7S)
Batting: RHB Dhyana Snigdha 0-0: Ball
1-0: Called Strike
1-1: Called Strike
1-2: Foul Ball, location: 2F
1-2: Fly out, F9 (Flyball, 9)
Bottom of the 4th over - 4 runs, 4 hits, 0 errors, 0 left on base; Northern Virginia 1 - Vancouver 5
TOP OF THE 5TH
Northern Virginia Rainbow Mermaids batting - Pitching for Vancouver Grey Wolves : RHP Francisco Valdés
Batting: SHB Galtero Suárez 0-0: Ball
1-0: Swinging Strike
1-1: Fly out, F6 (Popup, 56)
Batting: LHB Shelby Noonan 0-0: Ball
1-0: Called Strike
1-1: SINGLE (Flyball, 7S)
Batting: LHB José Ruíz 0-0: Swinging Strike
0-1: Swinging Strike
0-2: Fly out, F9 (Flyball, 9S)
Batting: RHB Colt Cabana 0-0: Ball
1-0: Called Strike
1-1: Called Strike
1-2: Foul Ball, location: 2F
1-2: Foul Ball, location: 2F
1-2: Strikes out swinging
Top of the 5th over - 0 runs, 1 hit, 0 errors, 1 left on base; Northern Virginia 1 - Vancouver 5
BOTTOM OF THE 5TH
Vancouver Grey Wolves batting - Pitching for Northern Virginia Rainbow Mermaids : RHP Mimosa Joseph
Batting: RHB Urs van Munster 0-0: Called Strike
0-1: Ball
1-1: Called Strike
1-2: SINGLE (Groundball, 56) (infield hit)
Batting: LHB Preston Witt 0-0: Foul Ball, location: 2F
0-1: Ball
1-1: Ball
2-1: Ball
3-1: Called Strike
3-2: Strikes out swinging
Urs van Munster steals 2nd base
Batter strikes out.
Batting: LHB Michael Malloy 0-0: Ball
1-0: Called Strike
1-1: Ball
2-1: SINGLE (Flyball, 8RS)
Urs van Munster to third
Runner from 3rd tries for Home, SAFE, no throw
Batting: RHB Hugh Mungus 0-0: Called Strike
0-1: Ball
1-1: Foul Ball, location: 2F
1-2: Ball
2-2: 2-RUN HOME RUN (Flyball, 7LD), Distance : 327 ft
Batting: RHB Iván Vega 0-0: Called Strike
0-1: Fly out, F7 (Flyball, 7LM)
Batting: LHB Johan Kroening 0-0: Ball
1-0: Ground out U3 (Groundball, 3L)
Bottom of the 5th over - 3 runs, 3 hits, 0 errors, 0 left on base; Northern Virginia 1 - Vancouver 8
TOP OF THE 6TH
Northern Virginia Rainbow Mermaids batting - Pitching for Vancouver Grey Wolves : RHP Francisco Valdés
Batting: LHB Scott Kerin 0-0: Ball
1-0: Foul Ball, location: 2F
1-1: Foul Ball, location: 2F
1-2: Ball
2-2: Ball
3-2: Foul Ball, location: 2F
3-2: Foul Ball, location: 2F
3-2: Foul Ball, location: 2F
3-2: Base on Balls
Pitching: RHP Héctor Pérez
Batting: SHB Eustacio Tafalla 0-0: DOUBLE (Line Drive, 9LD)
Scott Kerin to third
Batting: RHB Zahid Kashani 0-0: Ball
1-0: Foul Ball, location: 2F
1-1: Foul Ball, location: 2F
1-2: Ball
2-2: Ball
3-2: Ground out 1-3 (Groundball, 15S)
Batting: SHB Melito Báez 0-0: Ball
1-0: Ground out 4-3 (Groundball, 4)
Scott Kerin scores
Eustacio Tafalla to third
Batting: LHB Ty Tomblin 0-0: SINGLE (Groundball, 34D)
Eustacio Tafalla scores
Batting: SHB Galtero Suárez 0-0: Foul Ball, location: 2F
0-1: Ball
1-1: Called Strike
1-2: Ball
2-2: Foul Ball, location: 2F
2-2: Strikes out looking
Top of the 6th over - 2 runs, 2 hits, 0 errors, 1 left on base; Northern Virginia 3 - Vancouver 8
BOTTOM OF THE 6TH
Vancouver Grey Wolves batting - Pitching for Northern Virginia Rainbow Mermaids : RHP Mimosa Joseph
Pitching: RHP António Alomar
Batting: RHB Joe Phillips 0-0: Ball
1-0: Ball
2-0: Ground out 5-3 (Groundball, 56S)
Batting: LHB Gerardo Ponce de Leon 0-0: Swinging Strike
0-1: Fly out, F7 (Flyball, 7S)
Batting: RHB Dhyana Snigdha 0-0: Ball
1-0: SINGLE (Groundball, 4MD)
Batting: RHB Urs van Munster 0-0: Ball
Throwing error on steal attempt, E2
Dhyana Snigdha to third
1-0: Ball
2-0: Called Strike
2-1: Ball
3-1: SINGLE (Groundball, 6MD)
Dhyana Snigdha scores
Batting: LHB Preston Witt 0-0: Called Strike
Urs van Munster steals 2nd base
0-1: Ball
1-1: Foul Ball, location: 2F
1-2: Ball
2-2: Foul Ball, location: 2F
2-2: Ball
3-2: SINGLE (Groundball, 34D)
Urs van Munster to third
Urs van Munster scores
Batting: LHB Michael Malloy 0-0: Foul Ball, location: 2F
0-1: Called Strike
0-2: Ball
1-2: Ball
2-2: Ball
3-2: Foul Ball, location: 2F
3-2: Foul Ball, location: 2F
3-2: Ground out 4-3 (Groundball, 4D)
Bottom of the 6th over - 2 runs, 3 hits, 1 error, 1 left on base; Northern Virginia 3 - Vancouver 10
TOP OF THE 7TH
Northern Virginia Rainbow Mermaids batting - Pitching for Vancouver Grey Wolves : RHP Héctor Pérez
Batting: LHB Shelby Noonan 0-0: Swinging Strike
0-1: Called Strike
0-2: Ground out 4-3 (Groundball, 4)
Batting: LHB José Ruíz 0-0: Called Strike
0-1: Fly out, F8 (Flyball, 89D)
Batting: RHB Colt Cabana 0-0: Called Strike
0-1: Called Strike
0-2: SINGLE (Line Drive, 56D)
Batting: LHB Scott Kerin 0-0: Ball
1-0: Called Strike
1-1: Ball
2-1: Foul Ball, location: 2F
2-2: SINGLE (Groundball, 56D)
Colt Cabana to second
Batting: SHB Eustacio Tafalla 0-0: Swinging Strike
0-1: Fly out, F8 (Line Drive, 8LM)
Top of the 7th over - 0 runs, 2 hits, 0 errors, 2 left on base; Northern Virginia 3 - Vancouver 10
BOTTOM OF THE 7TH
Vancouver Grey Wolves batting - Pitching for Northern Virginia Rainbow Mermaids : RHP António Alomar
Batting: RHB Hugh Mungus 0-0: SOLO HOME RUN (Flyball, 9LD), Distance : 330 ft
Batting: RHB Iván Vega 0-0: Ball
1-0: Ball
2-0: Called Strike
2-1: Ground out 5-3 (Groundball, 56)
Batting: LHB Johan Kroening 0-0: Foul Ball, location: 2F
0-1: Ball
1-1: Swinging Strike
1-2: Foul Ball, location: 2F
1-2: Foul Ball, location: 2F
1-2: Ball
2-2: Strikes out looking
Batting: RHB Joe Phillips 0-0: Ground out 6-3 (Groundball, 6S)
Bottom of the 7th over - 1 run, 1 hit, 0 errors, 0 left on base; Northern Virginia 3 - Vancouver 11
TOP OF THE 8TH
Northern Virginia Rainbow Mermaids batting - Pitching for Vancouver Grey Wolves : RHP Héctor Pérez
Batting: RHB Zahid Kashani 0-0: Fly out, F7 (Flyball, 7S)
Batting: SHB Melito Báez 0-0: Called Strike
0-1: Called Strike
0-2: SOLO HOME RUN (Flyball, 9LD), Distance : 346 ft
Batting: LHB Ty Tomblin 0-0: Foul Ball, location: 2F
0-1: Ball
1-1: Ground out 3-1 (Groundball, 34)
Batting: SHB Galtero Suárez 0-0: SINGLE (Groundball, 56D)
Batting: LHB Shelby Noonan 0-0: Foul Ball, location: 2F
0-1: Foul Ball, location: 2F
0-2: Foul Ball, location: 2F
0-2: Ball
1-2: Strikes out swinging
Top of the 8th over - 1 run, 2 hits, 0 errors, 1 left on base; Northern Virginia 4 - Vancouver 11
BOTTOM OF THE 8TH
Vancouver Grey Wolves batting - Pitching for Northern Virginia Rainbow Mermaids : RHP António Alomar
Batting: LHB Gerardo Ponce de Leon 0-0: SOLO HOME RUN (Flyball, 9LD), Distance : 338 ft
Batting: RHB Dhyana Snigdha 0-0: Called Strike
0-1: Ball
1-1: Ball
2-1: Foul Ball, location: 2F
2-2: Strikes out swinging
Batting: RHB Urs van Munster 0-0: Ball
1-0: Ball
2-0: Called Strike
2-1: Ball
3-1: Fly out, F7 (Line Drive, 7)
Batting: LHB Preston Witt 0-0: Called Strike
0-1: Ground out U3 (Groundball, 3)
Bottom of the 8th over - 1 run, 1 hit, 0 errors, 0 left on base; Northern Virginia 4 - Vancouver 12
TOP OF THE 9TH
Northern Virginia Rainbow Mermaids batting - Pitching for Vancouver Grey Wolves : RHP Héctor Pérez
Batting: LHB José Ruíz 0-0: Fly out, F7 (Flyball, 7LS)
Batting: RHB Colt Cabana 0-0: Foul Ball, location: 2F
0-1: Foul Ball, location: 2F
0-2: DOUBLE (Line Drive, 78D)
Batting: LHB Scott Kerin 0-0: Ball
1-0: SINGLE (Groundball, 34D)
Colt Cabana to third
Batting: SHB Eustacio Tafalla 0-0: Foul Ball, location: 2F
0-1: Ball
1-1: Grounds into double play, 6-4-3 (Groundball, 6)
Top of the 9th over - 0 runs, 2 hits, 0 errors, 1 left on base; Northern Virginia 4 - Vancouver 12
Friday, March 29th, 2019 - OOTP Baseball 18.8 Build 76